 Dungeon Crawl Stone Soup version 0.18.1-48-g4cf74bf (webtiles) character file.

31 rlgrobin the Insei (level 3, -2/29 HPs)
             Began as a Mummy Monk on Aug 22, 2016.
             Slain by an adder (3 damage)
             ... on level 1 of the Dungeon.
             The game lasted 00:03:31 (1510 turns).

rlgrobin the Insei (Mummy Monk)                     Turns: 1510, Time: 00:03:32

Health: -2/29      AC:  0    Str: 14    XL:     3   Next: 7%
Magic:  3/3        EV: 13    Int:  9    God:
Gold:   56         SH:  0    Dex: 15    Spells: 0 memorised, 2 levels left

rFire  x . .     SeeInvis .       - Unarmed
rCold  + . .     Gourm    .     (no armour)
rNeg   + + +     Faith    .     (no shield)
rPois  ∞         Spirit   .     (no helmet)
rElec  .         Dismiss  .     (no cloak)
rCorr  .         Reflect  .     (no gloves)
SustAt +         Harm     .     (no boots)
MR     .....                    (no amulet)
Stlth  ++........               b - ring of sustain attributes
                                (no ring)

@: not resistant to hostile enchantments, unstealthy
A: no food or potions, fire vulnerability, cold resistance 1, negative energy
resistance 3, torment resistance, unbreathing
a: no special abilities


You were on level 1 of the Dungeon.
You were not hungry.

You visited 1 branch of the dungeon, and saw 2 of its levels.

You collected 56 gold pieces.


Innate Abilities, Weirdness & Mutations

You do not eat or drink.
Your flesh is vulnerable to fire.
You are immune to poison.
Your flesh is cold resistant.
You are immune to negative energy.
You are immune to unholy pain and torment.
You can survive without breathing.


   Skills:
 - Level 3.0 Fighting
 - Level 2.4 Dodging
 - Level 1.5 Stealth
 + Level 4.1 Unarmed Combat


You had 2 spell levels left.
You didn't know any spells.

Inventory:

Jewellery
 b - a ring of sustain attributes (right hand)
Scrolls
 a - a scroll of remove curse {unknown}
 c - a scroll of magic mapping {unknown}
Comestibles
 d - a bread ration (quivered)

Dungeon Overview and Level Annotations

Branches:
Dungeon (2/15)

Altars:
Nemelex Xobeh

Annotations:
D:2 exclusion: adder, Jessica

▒▒▒▒▒▒▒ ▒▒▒ ▒▒>....▒▒ ..▒
▒.......▒ ..▒▒▒ ▒▒▒.......▒ ....▒
▒.........▒ ....▒ ▒▒▒▒▒▒▒▒▒
▒.▒.......▒
...(▒▒▒▒.......▒▒▒.▒.......▒
....▒..........SM..........▒
....▒.▒........▒▒▒.▒.......▒
....▒.▒........▒.....▒.▒▒.▒▒
......▒.......>......▒..▒.▒▒▒▒▒▒▒
▒▒▒▒▒▒▒.▒▒+▒▒▒.).....▒▒.▒.▒......
...▒ ▒......▒..........▒.▒.▒▒▒▒.
▒▒.▒▒▒▒▒▒▒▒..▒......▒▒▒▒▒.....▒▒.
.▒.▒....▒▒...........▒ ▒▒▒.▒.▒▒.
▒▒.▒....▒▒▒▒.▒....▒▒.▒ ▒.▒.▒▒.


You could see an adder.


Message History

The adder completely misses you.
You hit the adder.
The adder is lightly wounded.
The adder bites you.
* * * LOW HITPOINT WARNING * * *
You closely miss the adder.
The adder is lightly wounded.
The adder completely misses you.
You hit the adder.
The adder is moderately wounded.
The adder bites you.
* * * LOW HITPOINT WARNING * * *
You closely miss the adder.
The adder is moderately wounded.
The adder closely misses you. The adder bites you.
* * * LOW HITPOINT WARNING * * *
You hit the adder.
The adder is moderately wounded.
The adder closely misses you.
You hit the adder but do no damage.
The adder is moderately wounded.
The adder bites you.
* * * LOW HITPOINT WARNING * * *
You hit the adder.
The adder is almost dead.
The adder bites you.
* * * LOW HITPOINT WARNING * * *
The adder bites you.
You die...

Action                   || total
-------------------------++-------
Melee: Unarmed           ||    86
 Stab: Sleeping          ||     3
Dodge: Dodged            ||    63

Vault maps used:
D:1:      moated_graveyard_arrival, minmay_misc_feat_roman,
          nemelex_xobeh_ov_fountains_minmay
D:2:      uniq_terence, uniq_jessica

Notes
Turn   | Place    | Note
--------------------------------------------------------------
     0 | D:1      | rlgrobin the Mummy Monk began the quest for the Orb.
     0 | D:1      | Reached XP level 1. HP: 18/18 MP: 1/1
     0 | D:1      | No
   392 | D:1      | Reached XP level 2. HP: 24/24 MP: 2/2
   616 | D:1      | Found a sparkling altar of Nemelex Xobeh.
   994 | D:2      | Reached skill level 4 in Unarmed Combat
  1038 | D:2      | Noticed Jessica
  1405 | D:1      | Reached XP level 3. HP: 29/29 MP: 3/3
  1510 | D:1      | HP: 1/29 [adder (4)]
  1510 | D:1      | Slain by an adder

Vanquished Creatures
  2 dart slugs (D:1)
  A giant gecko (D:2)
  5 bats (D:1)
  A goblin (D:1)
  3 hobgoblins (D:1)
  2 jackals (D:2)
  A quokka (D:2)
  3 giant newts (D:1)
  3 kobolds (D:1)
  8 rats (D:1)
29 creatures vanquished.
